 Dungeon Crawl Stone Soup version 0.26.1-11-gd32895ea62 (webtiles) character file.

Game seed: 8169951040681193118

473 Zeld the Cudgeller (level 7, -2/45 HPs)
             Began as an Octopode Warper on May 16, 2021.
             Slain by an ice beast (5 damage)
             ... on level 6 of the Dungeon.
             The game lasted 00:06:31 (5963 turns).

Zeld the Cudgeller (Octopode Warper)                Turns: 5963, Time: 00:06:32

Health: -2/45      AC:  1    Str: 12    XL:     7   Next: 10%
Magic:  1/12       EV: 13    Int: 15    God:
Gold:   154        SH:  0    Dex: 12    Spells: 2/13 levels left

rFire    . . .     SeeInvis .   a - +0 mace
rCold    . . .     Faith    .   (no shield)
rNeg     . . .     Spirit   .   (helmet restricted)
rPois    .         Reflect  .   (no amulet)
rElec    .         Harm     .   (no ring)
rCorr    .         Rampage  .   (no ring)
Will     .....                  (no ring)
Stlth    ++........             (no ring)
HPRegen  0.15/turn              (no ring)
MPRegen  0.13/turn              (no ring)
                                (no ring)
                                (no ring)

@: no status effects
A: almost no armour, stealthy swim, amphibious, 8 rings, constrict 8, camouflage
1, gelatinous body 1
a: no special abilities


You were on level 6 of the Dungeon.
You visited 1 branch of the dungeon, and saw 6 of its levels.

You collected 154 gold pieces.

Inventory:

Hand Weapons
 a - a +0 mace (weapon)
Missiles
 b - 5 boomerangs of dispersal
 n - 4 boomerangs (quivered)
Wands
 o - a wand of paralysis (7)
Scrolls
 c - 2 scrolls of blinking
 d - 2 scrolls of remove curse {unknown}
 f - a scroll of teleportation {unknown}
 g - 3 scrolls of identify {unknown}
 h - a scroll of noise {unknown}
 i - 2 scrolls of amnesia {unknown}
 k - a scroll of magic mapping {unknown}
 l - a scroll of random uselessness {unknown}
Potions
 e - 3 potions of degeneration {unknown}
 j - 2 potions of cancellation {unknown}
 m - a potion of attraction {unknown}
 p - a potion of brilliance {unknown}


   Skills:
 - Level 2.0 Fighting
 * Level 5.4 Maces & Flails
 - Level 1.0 Throwing
 - Level 2.3 Dodging
 + Level 3.7 Spellcasting
 + Level 4.6 Translocations


You had 2 spell levels left.
You knew the following spells:

 Your Spells              Type           Power        Failure   Level
a - Blink                 Tloc           N/A          4%          2
b - Gell's Gravitas       Tloc           8%           9%          3
c - Lesser Beckoning      Tloc           8%           9%          3
d - Teleport Other        Tloc           16%          9%          3

Your spell library contained the following spells:

 Spells                   Type           Power        Failure   Level
 Passage of Golubria      Tloc           N/A          26%         4


Dungeon Overview and Level Annotations

Branches:
Dungeon (5/15)
 Temple: D:4-7

Altars:
Ashenzari
Trog
Yredelemnul


Innate Abilities, Weirdness & Mutations

You cannot wear most types of armour.
You are very stealthy in the water. (Stealth+)
You are amphibious.
You can wear up to eight rings at the same time.
You can use your tentacles to constrict eight enemies at once.
Your skin changes colour to match your surroundings (Stealth+).
Your rubbery body absorbs attacks. (AC +1, EV +1)


Message History

Aiming: Teleport Other (dangerous; 9% risk of failure)
Press: ? - help, Shift-Dir - straight line, f/p - ice beast
Aim: an ice beast (chance to affect: 53%)
The ice beast resists with significant effort.
The ice beast hits you. The ice beast freezes you!
Unknown command.
The ice beast hits you. The ice beast freezes you!
* * * LOW HITPOINT WARNING * * *
Okay, then.
Okay, then.
Casting: Teleport Other (dangerous; 9% risk of failure)
Confirm with . or Enter, or press ? or * to list all spells.
You blink.
Casting: Blink (safe; 4% risk of failure)
Confirm with . or Enter, or press ? or * to list all spells.
You blink.
The ice beast hits you.
* * * LOW HITPOINT WARNING * * *
The ice beast freezes you.
You die...

#.....# ####
#.....# ..$..
#.....######......
#...........>.....
##.###########.##.
###.##......#
#..........#
#.≈≈≈≈≈≈..(#
#.≈≈≈≈≈≈@#..
#.≈≈_>≈Y.# #
##.≈≈.⌠≈≈.#.##
#..≈≈≈≈≈≈...o##
###..≈≈≈≈≈≈...).#
#...............#
#.#)#|.##.......#
#.#.#.########...
##.#.## ....


You could see an ice beast.

Vanquished Creatures
  Sigmund (D:2)
  2 bullfrog zombies (D:5)
  An orc priest (D:2)
  An iguana (D:4)
  Ijyb (D:5)
  An orc wizard (D:3)
  A worker ant (D:4)
  3 adders
  2 worms (D:2)
  2 dart slugs
  3 leopard geckos
  8 orcs
  2 ball pythons
  7 bats
  A giant cockroach (D:2)
  2 gnoll zombies (D:6)
  6 goblins
  4 hobgoblins (D:2)
  2 jackals (D:3)
  6 kobolds
  5 frilled lizards
  13 rats
74 creatures vanquished.

Notes
Turn   | Place    | Note
-------+----------+-------------------------------------------
     0 | D:1      | Zeld the Octopode Warper began the quest for the Orb.
     0 | D:1      | Reached XP level 1. HP: 14/14 MP: 3/3
   129 | D:1      | Reached XP level 2. HP: 8/19 MP: 5/5
   808 | D:1      | Reached XP level 3. HP: 19/24 MP: 6/6
  1086 | D:2      | Noticed Sigmund
  1096 | D:2      | Killed Sigmund
  1097 | D:2      | Reached skill level 4 in Maces & Flails
  1097 | D:2      | Reached XP level 4. HP: 29/29 MP: 6/8
  1097 | D:2      | Reached XP level 5. HP: 34/34 MP: 6/9
  1175 | D:2      | Learned a level 2 spell: Blink
  1460 | D:1      | Learned a level 3 spell: Gell's Gravitas
  1464 | D:1      | Learned a level 3 spell: Lesser Beckoning
  1571 | D:2      | Found a bloodstained altar of Trog.
  3631 | D:3      | Reached XP level 6. HP: 39/39 MP: 10/10
  3640 | D:3      | Learned a level 3 spell: Teleport Other
  4796 | D:3      | You fall into a shaft and drop 1 floor!
  4924 | D:4      | Reached skill level 5 in Maces & Flails
  5300 | D:4      | You fall into a shaft and drop 1 floor!
  5300 | D:5      | Entered Level 5 of the Dungeon
  5384 | D:5      | Reached XP level 7. HP: 42/45 MP: 12/12
  5416 | D:5      | Noticed a two-headed ogre
  5450 | D:5      | Noticed Ijyb
  5458 | D:5      | Paralysed by Ijyb for 3 turns
  5468 | D:5      | Killed Ijyb
  5525 | D:5      | You fall into a shaft and drop 1 floor!
  5525 | D:6      | Found a broken altar of Ashenzari.
  5827 | D:6      | Found a basalt altar of Yredelemnul.
  5963 | D:6      | Slain by an ice beast

Illustrated notes

Levels and vault maps discovered:
D:1:      psy_arrival_dodecagon, layout_loops_ring
D:2:      layout_loops_corners, old_standard_altar, uniq_sigmund
D:3:      layout_basic, lemuel_crystal_altar
D:4:      layout_basic, nicolae_overflow_crystal_walls,
          hangedman_abyss_or_decor_stabs
D:5:      layout_loops_cross, lemuel_round_altar, nicolae_ru_path_of_blood,
          uniq_edmund, uniq_ijyb
D:6:      layout_basic, general_overflow_altar, gammafunk_temple_overflow_wave,
          lemuel_zombie_altar_yredelemnul, lemuel_round_altar,
          roderic_roman_lattice, grunt_tough_drop

Skill      XL: |  1  2  3  4  5  6 |
---------------+-------------------+-----
Maces & Flails | 4 5 |  5.4
Spellcasting   | 3 |  3.7
Translocations | 4 |  4.6
Fighting       | |  2.0
Throwing       | |  1.0
Dodging        | |  2.3

Action                   |  1- 3 |  4- 6 |  7- 9 || total
-------------------------+-------+-------+-------++-------
Melee: Mace              |    51 |   124 |    28 ||   203
       Constrict         |    11 |    29 |     5 ||    45
       Tentacles         |     5 |    23 |     5 ||    33
 Cast: Blink             |       |     4 |     2 ||     6
       Teleport Other    |       |     5 |     5 ||    10
 Stab: Sleeping          |     8 |    13 |       ||    21
Armor: Skin              |     7 |     8 |     1 ||    16
Dodge: Dodged            |    43 |    70 |    13 ||   126
